 Dungeon Crawl Stone Soup version 0.28.0-53-g5a82cb258f (webtiles) character file.

Game seed: 4242514788428868408

53 cbfl8 the Chopper (level 4, -15/37 HPs)
             Began as a Formicid Berserker on Sept 21, 2022.
             Was a Believer of Trog.
             Killed from afar by Maggie (29 damage)
             ... with a bolt of fire
             ... on level 6 of the Dungeon.
             The game lasted 00:02:56 (2319 turns).

cbfl8 the Chopper (Formicid Berserker)              Turns: 2319, Time: 00:02:56

Health: -15/37     AC: 11    Str: 21    XL:     4   Next: 11%
Magic:  4/4        EV:  6    Int: 13    God:    Trog [**....]
Gold:   18         SH:  0    Dex: 12    Spells: 3/3 levels left

rFire   . . .      SeeInvis +   e - +0 war axe
rCold   . . .      Faith    .   (no shield)
rNeg    . . .      Spirit   .   c - +0 plate armour
rPois   .          Reflect  .   (helmet unavailable)
rElec   .          Harm     .   (no cloak)
rCorr   .          Rampage  .   (no gloves)
Will    .....                   (no boots)
Stlth   ..........              (no amulet)
HPRegen 0.12/turn               f - +6 ring of intelligence
MPRegen 0.09/turn               (no ring)

@: no status effects
A: permanent stasis, dig shafts and tunnels, antennae 3, four strong arms
a: Dig, Shaft Self, Renounce Religion, Trog's Hand


You were on level 6 of the Dungeon.
You worshipped Trog.
Trog was pleased with you.
You visited 1 branch of the dungeon, and saw 5 of its levels.

You collected 56 gold pieces.
You spent 38 gold pieces at shops.

Inventory:

Hand Weapons
 e - a +0 war axe (weapon)
Armour
 c - a +0 plate armour (worn)
Jewellery
 f - a +6 ring of intelligence (left hand)
Scrolls
 b - a scroll of fog {unknown}
 d - a scroll of noise {unknown}
Potions
 g - a potion of attraction {unknown}
 h - a potion of lignification {unknown}


   Skills:
 * Level 3.8 Fighting
 * Level 3.8 Axes
 + Level 2.5 Armour
 * Level 2.0 Dodging
 * Level 1.1 Evocations


You had 3 spell levels left.
You didn't know any spells.
Your spell library was empty.

Dungeon Overview and Level Annotations

Branches:
Dungeon (7/15)
 Temple: D:4-7

Altars:

Shops:
D:1 (

Annotations:
D:6 Maggie


Innate Abilities, Weirdness & Mutations

You cannot be hasted, slowed, berserked, paralysed or teleported.
You can dig through walls and to a lower floor.
You have a pair of large antennae on your head. (SInv)
Your four strong arms can wield two-handed weapons with a shield.


Message History

Maggie gestures at you while chanting. The bolt of fire hits you!
You hear a shout!
Your centaur wields a +0 shortbow.
Your centaur shoots an arrow.
The arrow hits the orc!
The orc dies!
Trog accepts your kill.
You swap places.
Maggie gestures at you while chanting. The bolt of fire hits you!
Your centaur shoots an arrow.
The arrow hits Maggie.
You hear a shout!
Your centaur shoots an arrow.
The arrow hits Maggie!
Your centaur shoots an arrow.
The arrow hits Maggie!
Your ufetubus closely misses Maggie.
Your ufetubus hits Maggie but does no damage.
Maggie barely misses your ufetubus.
Your ufetubus hits Maggie. x2
Found a stone staircase leading up.
Your centaur shoots an arrow.
The arrow hits Maggie!
A kobold comes into view. It is wielding a +0 short sword.
Maggie barely misses your ufetubus.
An orc comes into view. It is wielding a +0 mace.
Your ufetubus barely misses Maggie. x2; Your centaur shoots an arrow.
The arrow barely misses Maggie.
Your ufetubus hits Maggie but does no damage. x2
The kobold throws a stone.
The stone barely misses you.
Maggie drinks a potion.
Maggie seems to speed up.
Your centaur shoots an arrow.
The arrow hits Maggie!
Your iguana bites Maggie!
Your ufetubus hits Maggie.
Your ufetubus closely misses Maggie.
Maggie mumbles some strange words.
Maggie attempts to bespell you! You resist with almost no effort.
A kobold comes into view. It is wielding a +0 short sword.
The kobold throws a stone.
The stone closely misses you.
Your ufetubus barely misses Maggie.
Your ufetubus closely misses Maggie.
Maggie points at your iguana and mumbles some strange words.
The bolt of fire hits your iguana!!
Your iguana dies!
Your iguana's corpse dissolves into shadows!
The bolt of fire hits you!!
Ouch! That really hurt!
You die...

#.<....#....##
#......#.....# #
#......#.....+ # ..
#...##.##...# .#
...##...##.##...# ..#
................# ..#
................##...##
.......@...............
.......................
#####...?.....c........
#...........##...##
...>.##..5...# ...#
......##..@)..# ....
...........o...# ...
...........KK..# ...
.........#


You could see Maggie (fast, unaware, ally target), an orc, 2 kobolds, a friendly
centaur (summoned) and a friendly ufetubus (summoned).

Vanquished Creatures
  An adder (D:2)
  A worm (D:2)
  5 endoplasms
  2 goblins (D:1)
  11 jackals
  3 kobolds
  4 ball pythons
  2 bats
  3 frilled lizards
  4 rats
36 creatures vanquished.

Vanquished Creatures (collateral kills)
  An orc (D:6)
1 creature vanquished.

Grand Total: 37 creatures vanquished

Notes
Turn   | Place    | Note
-------+----------+-------------------------------------------
     0 | D:1      | cbfl8 the Formicid Berserker began the quest for the Orb.
     0 | D:1      | Reached XP level 1. HP: 18/18 MP: 1/1
    47 | D:1      | Found Asuvur's Weapon Boutique.
    63 | D:1      | You fall into a shaft and drop 1 floor!
    84 | D:2      | Reached XP level 2. HP: 4/24 MP: 2/2
   515 | D:1      | Reached XP level 3. HP: 26/29 MP: 3/3
   840 | D:1      | Reached skill level 1 in Evocations
  1181 | D:1      | Bought a +0 war axe for 38 gold pieces
  1262 | D:1      | Reached ** piety under Trog
  1692 | D:2      | Found a faded altar of an unknown god.
  1804 | D:2      | Reached XP level 4. HP: 22/37 MP: 4/4
  2130 | D:2      | You fall into a shaft and drop 2 floors!
  2130 | D:4      | Noticed an ice beast
  2148 | D:4      | You fall into a shaft and drop 3 floors!
  2309 | D:6      | Noticed Maggie
  2319 | D:6      | Killed from afar by Maggie

Illustrated notes

Levels and vault maps discovered:
D:1:      lightli_iron_boxes, layout_rooms, serial_shops, nicolae_shop_crystal
D:2:      layout_basic, ebering_ecumenical_altar_mist,
          kennysheep_generic_room_10
D:4:      layout_rooms, portal_sewer_entry_e, serial_shops, nicolae_shop_trees,
          lightli_ossuary_entry_decrepit_ruins, st_stairs_1, hex_medium,
          uniq_ijyb
D:6:      layout_gridville, minmay_temple_entry_nine_rooms, uniq_maggie,
          uniq_grinder
D:7:      minmay_angry_zag, layout_loops_ring

Skill      XL: |  1  2  3 |
---------------+----------+-----
Evocations     | 1 |  1.1
Dodging        | 2 |  2.0
Fighting       | |  3.8
Axes           | |  3.8
Armour         | |  2.5

Action                   |  1- 3 |  4- 6 || total
-------------------------+-------+-------++-------
Melee: Hand axe          |    85 |       ||    85
       Punch             |     1 |     1 ||     2
       War axe           |    29 |    18 ||    47
Invok: Trog's Hand       |       |     1 ||     1
 Abil: Shaft Self        |     1 |     1 ||     2
  Use: Scroll            |       |     1 ||     1
Armor: Plate armour      |   108 |    14 ||   122
       Animal skin       |     2 |       ||     2
Dodge: Dodged            |    42 |     8 ||    50
